 Dungeon Crawl Stone Soup version 0.21-a0-221-gfe971b9 (webtiles) character file.

837 tidbits the Insei (level 7, -6/51 HPs)
             Began as a Demigod Transmuter on Aug 26, 2017.
             Mangled by an orc warrior
             ... wielding a +0 trident
              (21 damage)
             ... on level 6 of the Dungeon.
             The game lasted 00:31:19 (1967 turns).

tidbits the Insei (Demigod Transmuter)              Turns: 1967, Time: 00:31:20

Health: -6/51      AC:  5    Str: 13    XL:     7   Next: 39%
Magic:  22/22      EV: 12    Int: 21    God:
Gold:   103        SH:  0    Dex: 16    Spells: 4/10 levels left

rFire    . . .     SeeInvis .     - Unarmed
rCold    . . .     Gourm    .   (no shield)
rNeg     . . .     Faith    .   B - +2 robe {MR+}
rPois    .         Spirit   .   (no helmet)
rElec    .         Reflect  .   C - +0 cloak
rCorr    .         Harm     .   (no gloves)
MR       +....                  (no boots)
Stlth    +.........             (no amulet)
HPRegen  0.17/turn              u - ring of magical power
MPRegen  0.18/turn              W - ring of wizardry

@: no status effects
A: high mp 1
a: no special abilities


You were on level 6 of the Dungeon.
You were not hungry.

You visited 1 branch of the dungeon, and saw 6 of its levels.

You collected 193 gold pieces.
You spent 90 gold pieces at shops.

Inventory:

Hand Weapons
 n - a +0 short sword
Missiles
 e - 70 stones (quivered)
 p - 14 tomahawks
Armour
 b - a +0 robe
 q - a scarf of spirit shield
   (You found it on level 1 of the Dungeon)
 x - a +0 buckler
 y - the +8 chain mail "Eklefao" {rElec Str+3, unknown}
   (You found it on level 4 of the Dungeon)

   It affects your strength (+3).
   It insulates you from electricity.
 B - a +2 robe of magic resistance (worn)
   (You took it off Blork the orc on level 5 of the Dungeon)
 C - a +0 cloak (worn)
Jewellery
 i - an uncursed ring of protection from fire
   (You found it on level 5 of the Dungeon)
 l - an uncursed ring of fire
   (You found it on level 3 of the Dungeon)
 u - a ring of magical power (left hand)
   (You found it on level 4 of the Dungeon)
 W - a ring of wizardry (right hand)
   (You found it on level 5 of the Dungeon)
Wands
 w - a wand of confusion (18/48)
Scrolls
 a - a scroll of identify
 f - 2 scrolls of amnesia
 g - a scroll of fog {unknown}
 j - 2 scrolls of enchant armour
 m - 2 scrolls of blinking
 r - 3 scrolls of remove curse
 t - 5 scrolls of teleportation
Potions
 h - a potion of curing
 v - a potion of flight
Books
 c - a book of Changes

   Spells                             Type                      Level
   a - Beastly Appendage              Transmutation                1
   b - Sticks to Snakes               Transmutation                2
   c - Spider Form                    Transmutation/Poison         3
   d - Ice Form                       Ice/Transmutation            4
   e - Blade Hands                    Transmutation                5
Comestibles
 d - 4 bread rations
 o - 3 royal jellies
 s - 3 meat rations


   Skills:
 - Level 0.8 Fighting
 - Level 1.7 Dodging
 * Level 7.4 Unarmed Combat
 - Level 2.0 Spellcasting
 - Level 4.1 Transmutations


You had 4 spell levels left.
You knew the following spells:

 Your Spells              Type           Power        Failure   Level  Hunger
e - Beastly Appendage     Tmut           ###...       1%          1    #......
k - Sticks to Snakes      Tmut           ###.....     1%          2    ##.....
p - Spider Form           Tmut/Pois      ##........   8%          3    ###....


Dungeon Overview and Level Annotations

Branches:
Dungeon (6/15)
 Temple: D:4-7

Shops:
D:4 *


Innate Abilities, Weirdness & Mutations

You have an increased reservoir of magic. (+10% MP)


Message History

Your +2 robe of magic resistance melds into your body.
You feel less resistant to hostile enchantments.
The gnoll misses you.
You barely miss the gnoll. You bite the gnoll!
The gnoll looks as sick as possible!
The gnoll is almost dead.
The gnoll closely misses you.
You barely miss the gnoll.
The gnoll is almost dead.
The gnoll hits you.
You hit the gnoll.
You kill the gnoll!
You see here a spear.
Your transformation is almost over.
Found 8 gold pieces.
You now have 103 gold pieces (gained 8).
Found a scroll of teleportation.
Your transformation has ended.
Your +0 cloak unmelds from your body.
Your +2 robe of magic resistance unmelds from your body.
You feel resistant to hostile enchantments.
t - 5 scrolls of teleportation (gained 1)
There is a stone staircase leading down here.
There is a stone staircase leading down here.
Casting: Spider Form
Confirm with . or Enter, or press ? or * to list all spells.
You turn into a venomous arachnid creature.
Your +0 cloak melds into your body.
Your +2 robe of magic resistance melds into your body.
You feel less resistant to hostile enchantments.
You climb downwards.
There is a stone staircase leading up here.
Found a war axe.
Found a deep blue altar of Sif Muna.
Found a shimmering altar of Xom.
Your transformation is almost over.
Found a hand axe.
Found a glowing golden altar of the Shining One.
Magic restored.
Found a spear.
Your transformation has ended.
Your +0 cloak unmelds from your body.
Your +2 robe of magic resistance unmelds from your body.
You feel resistant to hostile enchantments.
Found a shattered altar of Ashenzari.
You see here a spear.
An orc comes into view. It is wielding a mace.
Casting: Spider Form
Confirm with . or Enter, or press ? or * to list all spells.
You turn into a venomous arachnid creature.
Your +0 cloak melds into your body.
Your +2 robe of magic resistance melds into your body.
You feel less resistant to hostile enchantments.
The orc shouts!
You hit the orc.
The orc is poisoned.
The orc is severely wounded.
The orc barely misses you.
An orc and an orc warrior come into view.
The orc shouts!
You hit the orc but do no damage.
The orc looks as sick as possible!
The orc is severely wounded.
You kill the orc!
The orc moves out of view.
Things that are here:
a mace; a scale mail; an orc corpse Your transformation is almost over.
The orc warrior hits you with a trident!!
* * * LOW HITPOINT WARNING * * *
Things that are here:
a mace; a scale mail; an orc corpse You hit the orc warrior.
The orc warrior is poisoned.
The orc warrior is lightly wounded.
The orc warrior completely misses you.
You hit the orc warrior but do no damage.
The orc warrior looks as sick as possible!
The orc warrior is lightly wounded.
The orc warrior completely misses you.
You hit the orc warrior.
The orc warrior looks as sick as possible!
The orc warrior is moderately wounded.
The orc warrior closely misses you.
You hit the orc warrior.
The orc warrior looks as sick as possible!
The orc warrior is heavily wounded.
The orc warrior hits you with a trident!
* * * LOW HITPOINT WARNING * * *
You hit the orc warrior.
The orc warrior looks as sick as possible!
The orc warrior is heavily wounded.
You bite the orc warrior!
The orc warrior is almost dead.
The orc warrior barely misses you.
You hit the orc warrior but do no damage.
The orc warrior looks as sick as possible!
The orc warrior is almost dead.
Your transformation has ended.
Your +0 cloak unmelds from your body.
Your +2 robe of magic resistance unmelds from your body.
You feel resistant to hostile enchantments.
The orc warrior hits you with a trident!!
You die...

._ _). ......# #######
....... #♣#.._#_..#♣#
##..#....
#.#...#...#.####<.......
#)....#)..........#.....
##..#####.........# .#.
#...♣ ♣..........#
#.########...........
#......@oo.......#.#.
##########.......#.#
########... .# . #


You could see an orc warrior and an orc.

Vanquished Creatures
  Grinder (D:5)
  2 ice beasts (D:5)
  Blork the orc (D:5)
  A howler monkey (D:5)
  2 crimson imps (D:5)
  2 hounds
  2 orc priests (D:3)
  A jelly (D:5)
  A worker ant (D:4)
  3 gnolls (D:5)
  3 adders
  A shadow imp (D:4)
  An adder skeleton (D:5)
  5 dart slugs
  2 leopard geckos
  5 orcs
  4 giant cockroaches
  8 goblins
  4 hobgoblins
  6 jackals
  8 kobolds
  2 quokkas
  A ball python (D:3)
  3 bats
  3 frilled lizards
  2 rats (D:2)
74 creatures vanquished.

Vanquished Creatures (collateral kills)
  An adder zombie (D:5)
  An orc (D:4)
  A goblin (D:2)
  A jackal (D:1)
  A bat (D:3)
5 creatures vanquished.

Grand Total: 79 creatures vanquished

Notes
Turn   | Place    | Note
-------+----------+-------------------------------------------
     0 | D:1      | tidbits the Demigod Transmuter began the quest for the Orb.
     0 | D:1      | Reached XP level 1. HP: 15/15 MP: 5/5
    31 | D:2      | Reached skill level 2 in Spellcasting
   192 | D:1      | Reached skill level 3 in Unarmed Combat
   210 | D:1      | Reached XP level 2. HP: 18/22 MP: 5/7
   215 | D:1      | Learned a level 2 spell: Sticks to Snakes
   243 | D:2      | Reached skill level 2 in Transmutations
   421 | D:3      | Reached XP level 3. HP: 21/27 MP: 4/8
   716 | D:3      | Learned a level 3 spell: Spider Form
   742 | D:3      | Reached skill level 4 in Unarmed Combat
   883 | D:4      | Reached XP level 4. HP: 29/34 MP: 1/9
   901 | D:4      | Found a shadowy altar of Dithmenos.
   907 | D:4      | Reached skill level 3 in Transmutations
  1119 | D:4      | Found Xuicaput's General Store.
  1122 | D:4      | Bought a potion of curing for 30 gold pieces
  1122 | D:4      | Bought a scroll of teleportation for 30 gold pieces
  1122 | D:4      | Bought a scroll of teleportation for 30 gold pieces
  1150 | D:4      | Reached XP level 5. HP: 37/39 MP: 3/10
  1235 | D:5      | Entered Level 5 of the Dungeon
  1283 | D:5      | Reached skill level 4 in Transmutations
  1340 | D:5      | Noticed an ice beast
  1348 | D:5      | Killed an ice beast
  1348 | D:5      | Reached skill level 5 in Unarmed Combat
  1348 | D:5      | Reached XP level 6. HP: 39/46 MP: 10/11
  1362 | D:5      | Noticed Grinder
  1382 | D:5      | Killed Grinder
  1382 | D:5      | Reached skill level 6 in Unarmed Combat
  1495 | D:5      | Reached XP level 7. HP: 14/51 MP: 13/13
  1607 | D:4      | Reached skill level 7 in Unarmed Combat
  1676 | D:4      | Found a blossoming altar of Fedhas.
  1692 | D:4      | Got a faintly glowing chain mail
  1769 | D:5      | Found an ancient bone altar of Kikubaaqudgha.
  1769 | D:5      | Noticed Blork the orc
  1788 | D:5      | Killed Blork the orc
  1928 | D:6      | Found a deep blue altar of Sif Muna.
  1930 | D:6      | Found a shimmering altar of Xom.
  1931 | D:6      | Found a glowing golden altar of the Shining One.
  1941 | D:6      | Found a shattered altar of Ashenzari.
  1967 | D:6      | Mangled by an orc warrior

Vault maps used:
D:1:      dpeg_arrival_long_road, hangedman_abyss_or_decor_lesser_grid
D:2:      elyvilon_altar_1, minmay_ruptured
D:4:      grunt_dithmenos_shadows, serial_shops, kennysheep_mini, first_bread,
          tgw_fedhas
D:5:      basic_altar, uniq_blork_the_orc, uniq_grinder
D:6:      nicolae_overflow_quartered_altars, serial_shops, shop,
          grunt_ministairs_7, uniq_edmund, uniq_duvessa

Skill      XL: |  1  2  3  4  5  6  7 |
---------------+----------------------+-----
Spellcasting   | 2 |  2.0
Unarmed Combat | 3 4 5 6 7 |  7.4
Transmutations | 2 3 4 |  4.1
Fighting       | |  0.8
Dodging        | |  1.7

Action                   |  1- 3 |  4- 6 |  7- 9 || total
-------------------------+-------+-------+-------++-------
Melee: Unarmed           |   101 |    86 |    39 ||   226
       Kick              |    14 |       |       ||    14
       Headbutt          |     3 |       |       ||     3
       Punch             |     2 |       |       ||     2
Throw: Stone             |     4 |       |       ||     4
 Cast: Beastly Appendage |    30 |       |       ||    30
       Sticks to Snakes  |     7 |     5 |       ||    12
       Spider Form       |     1 |    17 |     8 ||    26
 Abil: End Transformatio |       |       |     1 ||     1
Evoke: Wand              |       |     9 |    12 ||    21
  Use: Potion            |     3 |       |       ||     3
       Scroll            |       |     4 |     1 ||     5
 Stab: Sleeping          |     3 |     1 |       ||     4
       Distracted        |     1 |       |       ||     1
       Confused          |       |     4 |     1 ||     5
  Eat: Chunk             |     1 |     5 |     1 ||     7
       Royal jelly       |       |       |     1 ||     1
Armor: Robe              |    11 |     2 |     1 ||    14
       Skin              |       |     2 |     1 ||     3
Dodge: Dodged            |    62 |    72 |    21 ||   155

Table legend:
 A = Spawn XP
 B = Non-spawn XP
 C = Spawn XP percentage of total XP
 D = Spawn monster count
 E = Non-spawn monster count
 F = Spawn count percentage of total count
 G = Total turns spent on level
                    A         B        C        D         E        F      G
               +---------+---------+-------+---------+---------+-------+---------
         Total |      43 |    1153 |   3.6 |       1 |      78 |   1.3 |  1967
               +---------+---------+-------+---------+---------+-------+---------
           D:1 |       0 |      34 |   0.0 |       0 |      17 |   0.0 |   371
           D:2 |       0 |      30 |   0.0 |       0 |      15 |   0.0 |   222
           D:3 |       0 |      96 |   0.0 |       0 |      15 |   0.0 |   339
           D:4 |      43 |      82 |  34.4 |       1 |      13 |   7.1 |   447
           D:5 |       0 |     908 |   0.0 |       0 |      17 |   0.0 |   545
           D:6 |       0 |       3 |   0.0 |       0 |       1 |   0.0 |    43
               +---------+---------+-------+---------+---------+-------+---------

Table legend:
 A = Turns spent in this place as a percentage of turns spent in the entire game.
 B = Non-inter-level travel turns spent in this place as a percentage of non-inter-level travel turns spent in the entire game.
 C = Inter-level travel turns spent in this place as a percentage of turns spent in this place.
 D = Turns resting spent in this place as a percentage of non-inter-level travel turns spent in this place.
 E = Turns spent auto-exploring this place as a percentage of non-inter-level travel turns spent in this place.
 F = Non-inter-level travel turns spent in this place divided by the number of levels of this place that you've seen.
                   A       B       C       D       E      F
               +-------+-------+-------+-------+-------+----------------------
         Total | 100.0 | 100.0 |   1.2 |   0.0 |   0.8 | 324.0
       Dungeon | 100.0 | 100.0 |   1.2 |   0.0 |   0.8 | 324.0
               +-------+-------+-------+-------+-------+----------------------

Table legend:
 A = Kills in this place as a percentage of kills in entire the game.
 B = Kills by you in this place as a percentage of kills by you in the entire game.
 C = Kills by friends in this place as a percentage of kills by friends in the entire game.
 D = Other kills in this place as a percentage of other kills in the entire game.
 E = Experience gained in this place as a percentage of experience gained in the entire game.
 F = Experience gained in this place divided by the number of levels of this place that you have seen.
                   A       B       C       D       E      F
               +-------+-------+-------+-------+-------+----------------------
         Total | 100.0 | 100.0 | 100.0 |   N/A | 100.0 | 199.3
       Dungeon | 100.0 | 100.0 | 100.0 |   N/A | 100.0 | 199.3
               +-------+-------+-------+-------+-------+----------------------

Vault maps used:
D:1:      dpeg_arrival_long_road, hangedman_abyss_or_decor_lesser_grid
D:2:      elyvilon_altar_1, minmay_ruptured
D:4:      grunt_dithmenos_shadows, serial_shops, kennysheep_mini, first_bread,
          tgw_fedhas
D:5:      basic_altar, uniq_blork_the_orc, uniq_grinder
D:6:      nicolae_overflow_quartered_altars, serial_shops, shop,
          grunt_ministairs_7, uniq_edmund, uniq_duvessa
